 Dungeon Crawl Stone Soup version 0.17-a0-802-g1f09329 (webtiles) character file.

179338 namelastname112 the Nimble (level 17, -4/146 HPs)
             Began as a Red Draconian Warper on Apr 26, 2015.
             Was the Champion of Ru.
             Slain by a griffon (9 damage)
             ... on level 3 of the Shoals.
             The game lasted 02:32:09 (53955 turns).

namelastname112 the Nimble (Red Draconian Warper)  Turns: 53955, Time: 02:32:09

Health: -4/146     AC: 24    Str: 16    XL:     17   Next: 60%
Magic:  28/28      EV: 22    Int: 19    God:    Ru [******]
Gold:   865        SH:  8    Dex: 18    Spells: 7 memorised, 14 levels left

rFire  . . .     SeeInvis .     O - +3 quick blade (distort)
rCold  . . .     Clarity  .     (armour unavailable)
rNeg   . . .     SustAb   .     P - +2 buckler
rPois  .         Gourm    .     W - +2 hat {Int+3}
rElec  +         Spirit   .     N - +2 cloak
rCorr  .         Warding  .     E - +2 pair of gloves {archery}
rMut   .         Stasis   .     Y - +0 pair of boots
MR     ++++.                    Z - amulet "Roynt" {+Rage rC+ Dex+3}
Stlth  +++.......               k - ring of Poteos {MR++ AC+5 Str+2}
                                r - ring of invisibility

@: short of breath, no scrolls, incredibly resistant to hostile enchantments,
fairly stealthy
A: breathe fire, unfitting armour, talons 1, clever 1, clumsy 1, fire resistance
1, low mp 1, magic resistance 1, shaggy fur 1, electricity resistance, wild
magic 1, cold-blooded, inability to read while threatened, inexperienced 1,
temperature sensitive, AC +9
a: Breathe Fire, Draw Out Power, Power Leap, Apocalypse, Renounce Religion,
Evoke Berserk Rage, Evoke Invisibility


You were on level 3 of the Shoals.
You worshipped Ru.
Ru was exalted by your worship.
You were very hungry.

You visited 6 branches of the dungeon, and saw 34 of its levels.
You visited the Abyss 1 time.
You also visited: Labyrinth.

You collected 3877 gold pieces.
You spent 3012 gold pieces at shops.

Inventory:

Hand weapons
 b - a +1 blowgun of evasion
 O - a +3 quick blade of distortion (weapon)
Missiles
 B - 23 curare-tipped needles
 G - 90 poisoned needles
 H - 15 javelins (quivered)
 J - 4 throwing nets
Armour
 E - a +2 pair of gloves of archery (worn)
 N - a +2 cloak (worn)
 P - a +2 buckler (worn)
 W - a +2 hat of intelligence (worn)
 Y - a +0 pair of boots (worn)
Jewellery
 k - the ring of Poteos (right hand) {MR++ AC+5 Str+2}
   (You bought it in a shop on level 4 of the Orcish Mines)

   [ring of protection]

   It affects your AC (+5).
   It affects your strength (+2).
   It affects your resistance to hostile enchantments.
 n - an uncursed ring of protection from cold
 r - a ring of invisibility (left hand)
 z - an uncursed ring of sustain abilities
 C - an uncursed ring of see invisible
 V - an uncursed ring of poison resistance
 Z - the amulet "Roynt" (around neck) {+Rage rC+ Dex+3}
   (You found it on level 10 of the Dungeon)

   [amulet of rage]

   It affects your dexterity (+3).
   It protects you from cold.
   It lets you go berserk.
Magical devices
 d - a wand of draining (5)
 i - a wand of digging (8)
 l - a wand of disintegration (10)
 p - a wand of fireball (2)
 v - a wand of digging (7)
 T - a wand of lightning (7)
 X - a wand of draining (5)
Scrolls
 a - a scroll of amnesia
 c - 2 scrolls of blinking
 f - 2 scrolls of magic mapping
 g - 3 scrolls of enchant armour
 m - 10 scrolls of remove curse
 t - 3 scrolls of fear
 w - 3 scrolls of fog
 x - 3 scrolls of recharging
 y - 5 scrolls of identify
 D - 9 scrolls of teleportation
Potions
 j - 12 potions of curing
 q - 3 potions of restore abilities
 s - 2 potions of resistance
 u - 3 potions of ambrosia
 A - 2 potions of haste
 F - a potion of agility
 I - 5 potions of cancellation
 K - a potion of brilliance
 L - 2 potions of invisibility
 M - 3 potions of might
 Q - a potion of cure mutation
 R - 4 potions of berserk rage
 S - 4 potions of flight
 U - 8 potions of magic
Books
 h - a book of Battle

   Spells                             Type                      Level
   a - Infusion                       Charms                       1
   b - Shroud of Golubria             Charms/Translocation         2
   c - Song of Slaying                Charms                       2
   d - Spectral Weapon                Hexes/Charms                 3
   e - Regeneration                   Charms/Necromancy            3
 o - a book of the Sky

   Spells                             Type                      Level
   a - Flight                         Charms/Air                   3
   b - Airstrike                      Air                          4
   c - Silence                        Hexes/Air                    5
   d - Deflect Missiles               Charms/Air                   6
   e - Conjure Ball Lightning         Conjuration/Air              6
   f - Tornado                        Air                          9
Comestibles
 e - 19 bread rations


   Skills:
 - Level 11.8 Fighting
 - Level 12.4 Short Blades
 - Level 0.8 Throwing
 - Level 12.9 Dodging
 + Level 12.4 Stealth
 + Level 8.0 Shields
 - Level 10.4 Spellcasting
 - Level 10.7 Charms
 - Level 11.5 Translocations
 - Level 11.8 Evocations


You had 14 spell levels left.
You knew the following spells:

 Your Spells              Type           Power        Failure   Level  Hunger
a - Apportation           Tloc           ######....   1%          1    None
b - Blink                 Tloc           N/A          1%          2    None
c - Warp Weapon           Chrm/Tloc      ######....   5%          5    #####..
d - Phase Shift           Tloc           ######....   5%          5    #####..
e - Portal Projectile     Tloc           ######       1%          3    None
f - Regeneration          Chrm/Necr      #####.....   7%          3    None
g - Spectral Weapon       Hex/Chrm       #####...     7%          3    None


Dungeon Overview and Level Annotations

Branches:
Dungeon (15/15)            Temple (1/1) D:7            Lair (8/8) D:10
 Shoals (3/5) Lair:6        Snake (0/5) Lair:6        Slime (0/6) Lair:8
    Orc (4/4) D:12            Elf (3/3) Orc:3        Vaults (0/5) D:13
 Depths (0/5) D:15

Altars:
Ashenzari
Cheibriados
Dithmenos
Elyvilon
Fedhas
Gozag
Kikubaaqudgha
Makhleb
Nemelex Xobeh
Okawaru
Qazlal
Ru
Sif Muna
Trog
Vehumet
Xom
Yredelemnul
Zin
The Shining One
Beogh

Shops:
D:8 (   D:10 ([?   D:11 %   D:12 *!   D:13 =   Orc:2 [   Orc:4 *!==   Elf:1 }
Elf:3 %   Shoals:1 (

Annotations:
D:9 exclusion: oklob plant
D:15 exclusion: Roxanne, Roxanne
Lair:7 exclusion: oklob plant
Elf:3 4 exclusions
Abyss:1 Aizul


Innate Abilities, Weirdness & Mutations

You can breathe blasts of fire.
Your fiery red scales are hard (AC +9).
Your body does not fit into most forms of armour.
You are clumsy. (Dex -2)
Your flesh is heat resistant.
Your magical capacity is low (-10% MP).
You are cold-blooded and may be slowed by cold attacks.
You cannot read scrolls while threatened.
You are somewhat inexperienced (-2 XL).
You are sensitive to extremes of temperature (rF-, rC-).
You have sharp toenails.
Your mind is acute. (Int +2)
You are resistant to hostile enchantments.
You are covered in fur (AC +1).
You are resistant to electric shocks.
Your spells are a little harder to cast, but a little more powerful.


Message History

You tail-slap the griffon.
The griffon is severely wounded.
You hit the griffon.
The griffon looks slightly unstable.
Your tail-slap misses the griffon.
The griffon is severely wounded.
You hit the griffon.
Space bends around the griffon.
The griffon is severely wounded.
The griffon bites you!
* * * LOW HITPOINT WARNING * * *
The griffon pecks you but does no damage.
You block the griffon's attack.
You closely miss the griffon.
The griffon is severely wounded.
Your unstable footing causes you to fumble your attack.
The faun shoots a sling bullet.
The sling bullet hits you!!
* * * LOW HITPOINT WARNING * * *
You hear a splash.
Your unstable footing causes you to fumble your attack.
The griffon bites you!
You die...

≈≈≈≈≈≈≈.........≈≈≈≈≈≈
≈≈≈≈≈≈≈≈≈.......≈≈≈≈≈≈≈
≈≈≈≈≈≈≈≈≈≈≈≈...≈≈≈≈≈≈≈≈
≈≈≈≈≈≈≈≈)≈≈≈...≈≈≈≈≈≈≈≈≈
≈≈≈≈≈≈≈≈≈≈≈≈≈...≈≈≈≈≈≈≈≈≈
≈≈≈≈≈≈≈≈≈≈≈≈≈...≈≈(≈≈.≈≈≈
≈≈≈≈≈≈≈≈≈≈≈≈≈.......≈..≈≈
≈≈≈≈≈≈≈≈≈≈≈≈≈≈...#..≈≈....
≈≈≈≈≈≈≈≈H@≈≈≈c≈≈...≈≈≈....
≈≈≈≈≈≈≈≈≈≈≈≈§≈§≈≈.≈≈..###.
≈≈≈≈≈≈≈≈≈≈(≈≈≈≈≈≈≈≈≈..# #.
≈≈≈≈≈≈≈≈≈((≈§§≈≈≈....###.
≈≈≈≈≈≈≈≈≈≈≈≈≈≈≈≈≈≈...##..
≈≈≈≈≈≈≈≈((≈≈≈≈≈≈≈≈≈≈≈....
≈≈≈≈≈≈≈≈≈≈≈≈≈≈≈≈.......≈
≈≈≈≈≈≈≈≈≈≈≈≈≈≈≈.###....≈
≈≈≈≈≈≈≈≈≈≈≈≈≈≈.# #.[≈≈≈


You could see a griffon and a faun.

Vanquished Creatures
  Polyphemus (Shoals:2)
  Gastronok (D:9)
  An octopode crusher (Shoals:1)
  An orc warlord (Orc:4)
  Nessos (Lair:7)
  Azrael (D:15)
  4 deep elf death magi
  A vault guard (D:10)
  A merfolk impaler (Shoals:2)
  2 fire dragons
  Josephine (Lair:4)
  A minotaur (Lab)
  A deep elf high priest (Elf:1)
  Fannar (Lair:3)
  An ice dragon (D:13)
  8 hydras
  A centaur warrior (D:15)
  3 catoblepae
  3 merfolk avatars (Shoals:2)
  Erolcha (Orc:3)
  19 dancing weapons (Elf:2)
  2 tengu warriors
  3 ogre magi (D:15)
  6 death yaks
  A salamander stormcaller (D:15)
  4 orc high priests
  A soul eater (Orc:4)
  Sonja (D:15)
  Nergalle (D:11)
  15 deep elf knights
  5 skeletal warriors (D:15)
  6 sea snakes
  9 deep elf summoners
  A deep troll (D:13)
  A hill giant (D:10)
  3 orc knights
  9 harpies
  6 orc sorcerers (Orc:4)
  21 deep elf conjurers
  10 manticores
  A cyclops (shapeshifter) (D:15)
  A necromancer (D:13)
  A sixfirhy (Orc:4)
  5 fauns
  An oklob plant (Lair:7)
  A cyclops (Orc:3)
  An elephant (Lair:8)
  3 water nymphs
  10 griffons
  3 black mambas
  A smoke demon (Orc:4)
  10 sirens
  Joseph (Lair:1)
  10 spiny frogs
  Psyche (D:10)
  3 torpor snails (Lair:8)
  A centaur skeleton (D:13)
  An efreet (D:15)
  2 gargoyles
  5 yaktaurs (D:15)
  4 komodo dragons
  3 trolls (Orc:4)
  10 deep elf priests
  A demonic crawler (Elf:1)
  13 merfolk
  8 two-headed ogres
  26 blink frogs
  7 polar bears
  A troll (shapeshifter) (Elf:1)
  A freezing wraith (D:13)
  12 slime creatures
  3 snapping turtles
  A raiju (Lair:8)
  The ghost of dunyain the Chopper, an average DsGl of Okawaru (D:4)
  4 ravens
  A raven (shapeshifter) (Elf:3)
  A boulder beetle (Lair:8)
  A shadow (D:15)
  A human (D:7)
  36 yaks
  Sigmund (D:6)
  A hog (D:7)
  A redback (Elf:1)
  24 deep elf fighters
  4 basilisks
  30 deep elf magi
  2 vampires
  A water elemental (Shoals:1)
  4 wyverns
  3 wraiths
  12 vampire mosquitoes
  A neqoxec (Orc:4)
  5 hungry ghosts
  Menkaure (D:6)
  A soldier ant (D:14)
  9 wargs
  2 mottled dragons (D:15)
  Edmund (D:3)
  10 hippogriffs
  15 wolves
  11 water moccasins
  3 nagas (Lair:6)
  9 porcupines
  Duvessa (D:6)
  11 black bears
  3 wasps (Lair:8)
  43 orc warriors
  3 ice beasts
  9 hell hounds
  2 necrophages
  3 sky beasts
  A phantom (D:9)
  3 centaurs
  19 ogres
  6 big kobolds
  21 crocodiles
  4 brain worms (Lair:8)
  23 giant frogs
  Dowan (D:6)
  8 killer bees
  A gnoll sergeant (D:9)
  A wyvern skeleton (D:12)
  A water moccasin skeleton (D:6)
  2 scorpions
  A spriggan skeleton (Lab)
  8 wights
  2 troll skeletons (Lab)
  3 electric eels
  3 centaur zombies
  A giant frog zombie (D:9)
  4 jellies
  34 orc wizards
  2 quasits
  A crimson imp (D:13)
  30 orc priests
  2 giant frog skeletons
  16 hounds
  9 human zombies (D:8)
  11 worker ants
  9 iguanas
  15 hell rats
  32 sheep
  3 mummies (D:8)
  A worker ant zombie (D:9)
  13 adders
  75 river rats
  14 gnolls
  2 shadow imps
  An adder zombie (D:10)
  22 worms
  5 giant geckos
  295 orcs
  3 giant cockroaches
  21 goblins
  23 hobgoblins
  34 kobolds
  2 ball pythons
  25 bats
  2 giant gecko skeletons
  7 giant newts
  A giant spore (D:15)
  15 jackals
  8 quokkas
  A quokka skeleton (D:4)
  A quokka zombie (D:9)
  38 rats
  2 ballistomycetes (D:15)
  17 fungi
  61 plants
1548 creatures vanquished.

Vanquished Creatures (others)
  A merfolk impaler (Shoals:2)
  An ice dragon (Lair:8)
  2 hydras (Lair:8)
  A death yak (Shoals:2)
  A tengu warrior (D:13)
  2 orc high priests (Orc:4)
  4 deep elf knights
  3 hill giants
  A harpy (Shoals:3)
  An orc knight (Orc:4)
  2 lindwurms (Lair:8)
  A deep elf conjurer (Elf:3)
  An orc sorcerer (Orc:4)
  3 griffons
  2 manticores
  2 water nymphs (Shoals:1)
  5 elephants (Lair:8)
  2 black mambas
  13 drowned souls (Shoals:2)
  A centaur zombie (D:12)
  A siren (Lair:6)
  2 spiny frogs
  A fire drake (Lair:7)
  4 komodo dragons
  2 trolls
  A two-headed ogre (Orc:4)
  A raiju (Lair:8)
  A blue devil (Orc:4)
  3 blink frogs (Lair:6)
  3 polar bears (Lair:8)
  3 merfolk
  A boulder beetle (Lair:8)
  2 slime creatures
  A wind drake (Shoals:1)
  A wyvern (Lair:8)
  2 basilisks
  2 deep elf magi
  3 water elementals
  3 wraiths
  4 deep elf fighters
  2 hippogriffs
  5 wolves
  A fire elemental (D:15)
  A chaos spawn (Orc:4)
  5 yaks
  3 hell hounds (Lair:8)
  2 water moccasins
  3 nagas (Lair:6)
  A porcupine (Lair:4)
  5 orc warriors
  2 black bears (Lair:8)
  4 ogres
  A centaur (D:15)
  A boring beetle (Lair:8)
  A crocodile (Lair:5)
  2 lost souls (Elf:1)
  2 giant frogs (Lair:3)
  2 killer bees (D:11)
  A spriggan skeleton (Lab)
  3 orc priests
  3 hounds (Lair:8)
  8 orc wizards
  A hell rat (Lair:8)
  2 sheep
  10 river rats
  2 worms (Lair:8)
  A giant gecko (D:10)
  23 orcs
  A goblin (Orc:4)
  25 fungi
  40 plants
253 creatures vanquished.

Grand Total: 1801 creatures vanquished

Notes
Turn   | Place    | Note
--------------------------------------------------------------
     0 | D:1      | namelastname112, the Draconian Warper, began the quest for the Orb.
     0 | D:1      | Reached XP level 1. HP: 17/17 MP: 3/3
   413 | D:1      | Reached skill level 1 in Stealth
   451 | D:1      | Reached XP level 2. HP: 22/24 MP: 5/5
  1087 | D:2      | Reached XP level 3. HP: 26/29 MP: 6/6
  1619 | D:2      | Reached XP level 4. HP: 16/36 MP: 7/7
  1659 | D:2      | Learned a level 2 spell: Blink
  2950 | D:3      | Reached skill level 4 in Short Blades
  2964 | D:3      | Found a white marble altar of Elyvilon.
  2998 | D:3      | Reached XP level 5. HP: 20/41 MP: 8/8
  3263 | D:3      | Found a glowing silver altar of Zin.
  3264 | D:3      | Found a shimmering altar of Xom.
  3716 | D:4      | Noticed dunyain's ghost (average DsGl)
  4055 | D:4      | Noticed Edmund
  4251 | D:3      | Killed Edmund
  4251 | D:3      | Reached skill level 5 in Short Blades
  4251 | D:3      | Reached XP level 6. HP: 35/48 MP: 7/9
  4321 | D:4      | Noticed an ogre
  4461 | D:4      | Noticed an ogre
  4495 | D:4      | Killed an ogre
  4538 | D:4      | Killed an ogre
  4538 | D:4      | Reached skill level 5 in Stealth
  4538 | D:4      | Your scales start taking on a fiery red colour.
  4538 | D:4      | Gained mutation: Your flesh is heat resistant. [Red Draconian growth]
  4538 | D:4      | Reached XP level 7. HP: 26/55 MP: 8/10
  4811 | D:4      | Reached skill level 6 in Short Blades
  4984 | D:4      | Killed dunyain's ghost
  5161 | D:5      | Entered Level 5 of the Dungeon
  5198 | D:5      | Reached XP level 8. HP: 43/61 MP: 11/11
  5357 | D:5      | Found an opulent altar of Gozag.
  5409 | D:5      | Reached skill level 7 in Short Blades
  5878 | D:6      | Noticed Menkaure
  5895 | D:6      | Killed Menkaure
  6090 | D:6      | Noticed Duvessa
  6091 | D:6      | Noticed Dowan
  6093 | D:6      | Noticed Sigmund
  6097 | D:6      | Killed Duvessa
  6099 | D:6      | Killed Dowan
  6100 | D:6      | Killed Sigmund
  6100 | D:6      | Reached skill level 8 in Short Blades
  6752 | D:7      | Reached XP level 9. HP: 15/67 MP: 12/12
  7008 | D:7      | Found a staircase to the Ecumenical Temple.
  7014 | Temple   | Entered the Ecumenical Temple
  7035 | Temple   | Became a worshipper of Ru the Awakened
  8431 | D:7      | Reached skill level 9 in Short Blades
  9013 | D:8      | Found Riolar's Weapon Boutique.
  9158 | D:8      | Gained mutation: You cannot read scrolls while threatened. [Ru sacrifice]
  9158 | D:8      | Acquired Ru's first power
  9717 | D:8      | Found an ancient bone altar of Kikubaaqudgha.
  9764 | D:8      | Reached skill level 10 in Short Blades
 10093 | D:8      | Found a burning altar of Makhleb.
 10094 | D:8      | Found a stormy altar of Qazlal.
 10303 | D:9      | Reached skill level 10 in Stealth
 10324 | D:9      | Noticed Gastronok
 10375 | D:9      | Killed Gastronok
 10375 | D:9      | Reached XP level 10. HP: 26/73 MP: 5/13
 10724 | D:9      | Reached skill level 11 in Short Blades
 11284 | D:9      | Found a blossoming altar of Fedhas.
 11298 | D:9      | Noticed an oklob plant
 12231 | D:10     | Entered Level 10 of the Dungeon
 12248 | D:10     | Noticed a vault guard
 12273 | D:10     | Killed a vault guard
 12354 | D:10     | Found a portal to a secret trove of treasure.
 12392 | D:10     | Found Latih's Antique Armour Boutique.
 12459 | D:10     | Reached XP level 11. HP: 17/79 MP: 2/14
 12719 | D:10     | Got a twitching ivory amulet
 12723 | D:10     | Identified the amulet "Roynt" {+Rage rC+ Dex+3} (You found it on level 10 of the Dungeon)
 12829 | D:10     | Reached skill level 12 in Short Blades
 12863 | D:10     | Noticed a hill giant
 12883 | D:10     | Killed a hill giant
 12915 | D:10     | Found Archichei's Magic Scroll Emporium.
 12922 | D:10     | Noticed Psyche
 12933 | D:10     | Killed Psyche
 13024 | D:10     | Gained mutation: You are sensitive to extremes of temperature (rF-, rC-). [Ru sacrifice]
 13024 | D:10     | Acquired Ru's second power
 13024 | D:10     | Acquired Ru's third power
 13024 | D:10     | Acquired Ru's fourth power
 13040 | D:10     | Found a staircase to the Lair.
 13147 | D:10     | Noticed a hill giant
 13730 | D:10     | Banished a hill giant
 14011 | D:10     | Found Erifyot's Antique Weapon Boutique.
 14193 | D:11     | Found Rotibo Hoile's Food Emporium.
 14242 | D:10     | Gained mutation: You have sharp toenails. [potion of mutation]
 14242 | D:10     | Gained mutation: Your spells are a little harder to cast, but a little more powerful. [potion of mutation]
 14242 | D:10     | Gained mutation: You are resistant to hostile enchantments. [potion of mutation]
 14332 | D:11     | Noticed a hill giant
 14335 | D:11     | Banished a hill giant
 14577 | D:11     | Found a deep blue altar of Sif Muna.
 14757 | D:11     | Noticed Nergalle
 14760 | D:11     | Killed Nergalle
 15038 | Lair:1   | Entered Level 1 of the Lair of Beasts
 15263 | Lair:1   | Gained mutation: You are somewhat inexperienced (-2 XL). [Ru sacrifice]
 15263 | Lair:1   | Reached XP level 10. HP: 65/78 MP: 15/15
 15263 | Lair:1   | Reached XP level 9. HP: 65/71 MP: 14/14
 15263 | Lair:1   | Acquired Ru's fifth power
 15470 | Lair:1   | Identified a scroll of acquirement
 15497 | Lair:1   | Noticed Joseph
 15756 | Lair:1   | Killed Joseph
 15756 | Lair:1   | Reached XP level 10. HP: 65/79 MP: 15/15
 16024 | Lair:1   | Reached skill level 5 in Translocations
 16570 | Lair:2   | Noticed a black mamba
 16576 | Lair:2   | Banished a black mamba
 16582 | Lair:2   | Reached skill level 5 in Fighting
 17037 | Lair:3   | Reached skill level 5 in Dodging
 17037 | Lair:3   | Reached XP level 11. HP: 88/88 MP: 18/18
 17060 | Lair:3   | Gained mutation: Your magical capacity is low (-10% MP). [Ru sacrifice]
 17074 | Lair:3   | Noticed Fannar
 17093 | Lair:3   | Killed Fannar
 17173 | Lair:3   | Reached skill level 5 in Spellcasting
 17679 | Lair:4   | Noticed Josephine
 17690 | Lair:4   | Killed Josephine
 18252 | Lair:5   | Found a labyrinth entrance.
 18267 | Lab      | Entered a labyrinth
 18539 | Lab      | Noticed a minotaur
 18546 | Lab      | Killed a minotaur
 18684 | Lair:5   | Noticed an eight-headed hydra
 18691 | Lair:5   | Killed an eight-headed hydra
 18825 | Lair:5   | Gained mutation: You are clumsy. (Dex -2) [Ru sacrifice]
 19169 | Lair:5   | Noticed a catoblepas
 19181 | Lair:5   | Killed a catoblepas
 19201 | Lair:5   | Gained mutation: You are resistant to electric shocks. [potion of beneficial mutation]
 19206 | Lair:5   | Got a jewelled shortbow
 19262 | Lair:5   | Reached XP level 12. HP: 93/100 MP: 19/19
 19342 | Lair:5   | Noticed a six-headed hydra
 19346 | Lair:5   | Killed a six-headed hydra
 19384 | Lair:5   | Noticed a five-headed hydra
 20163 | Lair:6   | Noticed a seven-headed hydra
 20903 | Lair:6   | Found a staircase to the Shoals.
 22230 | Lair:6   | Found a staircase to the Snake Pit.
 22367 | Lair:6   | Killed a seven-headed hydra
 22650 | Lair:7   | Noticed Nessos
 22652 | Lair:7   | Killed Nessos
 22799 | Lair:1   | Learned a level 5 spell: Warp Weapon
 22805 | Lair:1   | Learned a level 5 spell: Phase Shift
 22809 | Lair:1   | Learned a level 3 spell: Portal Projectile
 23166 | Lair:7   | Reached XP level 13. HP: 61/108 MP: 21/21
 24651 | Lair:7   | Killed a five-headed hydra
 25064 | Lair:7   | Noticed a four-headed hydra
 25080 | Lair:8   | Entered Level 8 of the Lair of Beasts
 25309 | Lair:8   | Reached skill level 10 in Dodging
 25583 | Lair:8   | Found a staircase to the Slime Pits.
 26610 | Lair:8   | Reached skill level 10 in Fighting
 27068 | Lair:8   | Reached skill level 10 in Translocations
 27148 | Lair:8   | Reached XP level 14. HP: 39/121 MP: 24/24
 28228 | Lair:8   | Found a runed door.
 29433 | D:12     | Found a staircase to the Orcish Mines.
 29494 | D:12     | Found Hucatoffuu's Blood Bar.
 30071 | D:12     | Found Tuoki's Distillery.
 30076 | D:12     | Bought a potion of beneficial mutation for 490 gold pieces
 30076 | D:12     | Gained mutation: Your mind is acute. (Int +2) [potion of beneficial mutation]
 30448 | Orc:1    | Entered Level 1 of the Orcish Mines
 30888 | Orc:2    | Found Uvuop's Antique Armour Boutique.
 31450 | Orc:1    | Found a shimmering altar of Xom.
 31943 | Orc:3    | Noticed Erolcha
 31958 | Orc:3    | Killed Erolcha
 32082 | Orc:3    | Found a staircase to the Elven Halls.
 32107 | Orc:3    | Found a shimmering altar of Xom.
 32314 | Orc:4    | Entered Level 4 of the Orcish Mines
 32858 | Orc:4    | Identified the +1 shortbow "Eruymaug" {freeze, Contam MP+9 Dex+4 Stlth-} (You found it on level 5 of the Lair of Beasts)
 32886 | Orc:4    | Noticed an orc warlord
 33096 | Orc:4    | Banished an orc warlord
 33404 | Orc:4    | Noticed an orc warlord
 33409 | Orc:4    | Found a roughly hewn altar of Beogh.
 33434 | Orc:4    | Killed an orc warlord
 34017 | Orc:4    | Reached skill level 10 in Spellcasting
 34024 | Orc:4    | Found Vikuapuu's Assorted Antiques.
 34058 | Orc:4    | Found Juiblan's Distillery.
 34063 | Orc:4    | Bought a potion of heal wounds for 60 gold pieces
 34063 | Orc:4    | Bought a potion of heal wounds for 60 gold pieces
 34281 | Orc:4    | Found Osaek's Jewellery Shoppe.
 34464 | Orc:4    | Found Zeyrph's Jewellery Emporium.
 34472 | Orc:4    | Bought the ring of Poteos {MR++ AC+5 Str+2} for 1268 gold pieces
 34472 | Orc:4    | Bought an uncursed ring of invisibility for 510 gold pieces
 35142 | Orc:4    | Found a roughly hewn altar of Beogh.
 35199 | Orc:4    | Reached XP level 15. HP: 43/132 MP: 26/26
 35851 | Orc:4    | Cast into the Abyss (a distortion unwield)
 35863 | Orc:4    | Escaped the Abyss
 36234 | Elf:1    | Entered Level 1 of the Elven Halls
 36551 | Elf:1    | Reached skill level 1 in Charms
 36551 | Elf:1    | Reached skill level 1 in Evocations
 37311 | Elf:1    | Found Qiolosha's Gadget Emporium.
 37906 | Elf:1    | Reached skill level 5 in Evocations
 38657 | Elf:2    | Reached skill level 5 in Charms
 39268 | Elf:2    | Found a large runed door.
 39270 | Elf:2    | Found a large runed door.
 39441 | Elf:2    | Found a large runed door.
 39442 | Elf:2    | Found a large runed door.
 40221 | Elf:2    | Reached XP level 16. HP: 78/139 MP: 27/27
 41215 | Elf:3    | Entered Level 3 of the Elven Halls
 41612 | Elf:3    | Reached skill level 1 in Shields
 41922 | Elf:3    | Found Saijex's Food Boutique.
 42758 | D:13     | Found Alopn's Jewellery Shop.
 43177 | D:13     | Found a gate to the Vaults.
 44009 | D:14     | Found a snail-covered altar of Cheibriados.
 44131 | D:15     | Entered Level 15 of the Dungeon
 44131 | D:15     | Found an ancient bone altar of Kikubaaqudgha.
 44318 | D:15     | Noticed Roxanne
 44450 | D:15     | Noticed Sonja
 44468 | D:15     | Reached skill level 10 in Evocations
 44525 | D:15     | Noticed Azrael
 44543 | D:15     | Killed Sonja
 44562 | D:15     | Killed Azrael
 45171 | D:15     | Found a staircase to the Depths.
 45610 | D:15     | Reached skill level 5 in Shields
 46821 | D:10     | Bought a scroll of acquirement for 624 gold pieces
 46830 | D:10     | Gained mutation: You are covered in fur (AC +1). [potion of beneficial mutation]
 46854 | Lair:1   | Learned a level 3 spell: Regeneration
 46858 | Lair:1   | Learned a level 3 spell: Spectral Weapon
 47023 | Shoals:1 | Entered Level 1 of the Shoals
 47032 | Shoals:1 | Found Zaunt's Antique Weapon Shoppe.
 47666 | Shoals:1 | Reached XP level 17. HP: 139/146 MP: 25/28
 48567 | Shoals:1 | Noticed Aizul
 48579 | Shoals:1 | Reached skill level 10 in Charms
 48609 | Shoals:1 | Banished Aizul
 49950 | Shoals:2 | HP: 7/146 [poisoned by a merfolk]
 49956 | Shoals:2 | HP: 6/146 [poisoned by a merfolk]
 49961 | Shoals:2 | HP: 5/146 [poisoned by a merfolk]
 49968 | Shoals:2 | HP: 6/146 [poisoned by a merfolk]
 49976 | Shoals:2 | HP: 6/146 [poisoned by a merfolk]
 50538 | Shoals:2 | Noticed Polyphemus
 51073 | Shoals:2 | HP: 5/146 [drowned by a drowned soul[a merfolk avatar] (17)]
 51434 | Shoals:2 | HP: 6/146 [Polyphemus (8)]
 51435 | Shoals:2 | Killed Polyphemus
 53954 | Shoals:3 | HP: 5/146 [faun/sling bullet (18)]
 53955 | Shoals:3 | Slain by a griffon

Action                   |  1- 3 |  4- 6 |  7- 9 | 10-12 | 13-15 | 16-18 || total
-------------------------+-------+-------+-------+-------+-------+-------++-------
Melee: Short sword       |   201 |   233 |   196 |       |       |       ||   630
       Rapier            |       |       |   653 |   284 |       |       ||   937
       Dagger            |       |       |    27 |  1228 |  3229 |   910 ||  5394
       Quick blade       |       |       |       |       |       |  1813 ||  1813
 Fire: Blowgun           |       |    23 |       |    50 |       |       ||    73
Throw: Javelin           |       |    33 |       |       |       |       ||    33
       Tomahawk          |       |     2 |       |       |       |       ||     2
 Cast: Blink             |       |     7 |       |    13 |       |     1 ||    21
       Apportation       |       |       |       |       |     5 |       ||     5
       Warp Weapon       |       |       |       |       |       |    35 ||    35
       Regeneration      |       |       |       |       |       |     4 ||     4
       Phase Shift       |       |       |       |       |       |     3 ||     3
Invok: Sacrifice Words   |       |       |     1 |       |       |       ||     1
       Sacrifice Experie |       |       |     1 |       |       |       ||     1
       Sacrifice Purity  |       |       |       |     1 |       |       ||     1
       Sacrifice Essence |       |       |       |     1 |       |       ||     1
       Sacrifice Resista |       |       |       |     1 |       |       ||     1
       Apocalypse        |       |       |       |     2 |     5 |     3 ||    10
       Draw Out Power    |       |       |       |     1 |     2 |     1 ||     4
 Abil: Evoke Teleport Co |       |     1 |       |       |       |       ||     1
       Breathe Fire      |       |       |    14 |    19 |    27 |    12 ||    72
       Evoke Invisibilit |       |       |       |       |     3 |    14 ||    17
Evoke: Wand              |       |       |     4 |       |     7 |     4 ||    15
  Use: Scroll            |       |       |    14 |    20 |     7 |     9 ||    50
       Potion            |       |       |       |     7 |     5 |     6 ||    18
 Stab: Sleeping          |       |     2 |    13 |    32 |    30 |    21 ||    98
       Distracted        |       |       |     6 |    10 |    27 |    11 ||    54
       Invisible         |       |       |     2 |    18 |    35 |    93 ||   148
       Paralysed         |       |       |       |       |    28 |     7 ||    35
       Fleeing           |       |       |       |       |     1 |       ||     1
  Eat: Chunk             |     2 |     9 |    11 |    25 |    19 |    17 ||    83
       Meat ration       |       |       |     2 |     1 |     2 |     2 ||     7
       Royal jelly       |       |       |     1 |       |    10 |     5 ||    16
       Pizza             |       |       |       |     9 |     1 |     1 ||    11
       Fruit             |       |       |       |     5 |     2 |       ||     7
       Bread ration      |       |       |       |       |     2 |     5 ||     7
       Beef jerky        |       |       |       |       |     1 |       ||     1
